 Dungeon Crawl Stone Soup version 0.29.1-15-g9cfb28693d (webtiles) character file.

Game seed: 14066200256722742278

11270 FaviusArthum the Thaumaturge (level 11, -26/51 HPs)
             Began as a Spriggan Conjurer on Mar 19, 2023.
             Was a Believer of Sif Muna.
             Annihilated by a boulder beetle (29 damage)
             ... on level 11 of the Dungeon on Mar 21, 2023.
             The game lasted 01:53:17 (32707 turns).

FaviusArthum the Thaumaturge (Spriggan Conjurer)   Turns: 32707, Time: 01:53:17

Health: -26/51     AC: 11    Str:  5    XL:     11   Next: 47%
Magic:  25/26      EV: 17    Int: 23    God:    Sif Muna [**....]
Gold:   80         SH:  0    Dex: 13    Spells: 3/30 levels left

rFire   . . .      SeeInvis +   H - +7 staff of the Meek {protect, meekguard}
rCold   . . .      Faith    .   (shield currently unavailable)
rNeg    . . .      Spirit   .   e - +1 acid dragon scales
rPois   .          Reflect  .   (helmet restricted)
rElec   .          Harm     .   (no cloak)
rCorr   +          Rampage  .   (gloves unavailable)
Will    +....                   (boots unavailable)
Stlth   ++........              (no amulet)
HPRegen 0.17/turn               j - +4 ring of protection
MPRegen 0.20/turn               (no ring)

@: very quick
A: very small, no large weapons, unfitting armour, see invisible, speed 3
a: Renounce Religion, Channel Magic


You were on level 11 of the Dungeon.
You worshipped Sif Muna.
Sif Muna was pleased with you.
You visited 3 branches of the dungeon, and saw 14 of its levels.

You collected 726 gold pieces.
You spent 646 gold pieces at shops.

Inventory:

Hand Weapons
 c - a +0 dagger
 f - a +2 dagger of distortion
 s - a +3 vorpal flail
 v - a +0 arbalest
 w - a +2 scimitar
 z - a +9 great sword of holy wrath
 E - a +4 halberd
 F - a +5 battleaxe
 H - the +7 staff of the Meek (weapon) {protect, meekguard}
   (You found it on level 9 of the Dungeon)

   It grants its wielder temporary protection when it strikes (+7 to AC).
   It provides extra protection to wielders with little health.
 P - a +4 shortbow of flaming
Missiles
 o - a curare-tipped dart
Armour
 a - a +0 robe
 e - +1 acid dragon scales (worn)
 g - a +0 helmet
 k - a +0 chain mail of fire resistance
 l - a +1 robe of willpower
 G - +0 steam dragon scales
Magical Staves
 i - a staff of poison
Jewellery
 j - a +4 ring of protection (left hand)
Wands
 C - a wand of charming (6)
Scrolls
 d - 4 scrolls of magic mapping
 n - a scroll of vulnerability
 r - 3 scrolls of amnesia
 u - 2 scrolls of brand weapon
 y - 2 scrolls of immolation
 A - 4 scrolls of fog
 D - a scroll of silence {unknown}
 J - 2 scrolls of enchant armour
 K - a scroll of poison {unknown}
Potions
 b - 3 potions of might
 h - 2 potions of flight
 m - 2 potions of degeneration {unknown}
 p - a potion of berserk rage {unknown}
 q - 2 potions of heal wounds {unknown}
 t - a potion of resistance {unknown}
 x - 3 potions of attraction {unknown}
 I - a potion of curing
 L - a potion of haste {unknown}
 N - a potion of lignification {unknown}
Miscellaneous
 M - a condenser vane


   Skills:
 + Level 2.4 Fighting
 + Level 3.3(3.4) Maces & Flails
 + Level 0.7(2.2) Staves
 + Level 0.1 Ranged Weapons
 + Level 1.5 Armour
 + Level 5.5 Dodging
 + Level 5.0 Stealth
 + Level 10.3 Spellcasting
 + Level 7.0 Conjurations
 * Level 8.6 Hexes
 * Level 6.4 Summonings
 * Level 4.6 Transmutations
 * Level 2.5 Fire Magic


You had 3 spell levels left.
You knew the following spells:

 Your Spells              Type           Power      Damage    Failure   Level
a - Magic Dart            Conj           100%       1d8       1%          1
b - Searing Ray           Conj           88%        2d7       1%          2
c - Call Imp              Summ           41%        N/A       1%          2
d - Fulminant Prism       Conj/Hex       23%        3d13      4%          4
e - Flame Wave            Conj/Fire      33%        2d10      16%         4
f - Dragon Form           Tmut           16%        N/A       100%        7
g - Iskenderun's Mystic   Conj/Tloc      28%        2d7       26%         4
h - Stone Arrow           Conj/Erth      56%        3d10      9%          3

Your spell library contained the following spells:

 Spells                   Type           Power      Damage    Failure   Level
 Dazzling Flash           Conj/Hex       94%        N/A       1%          3
 Ensorcelled Hibernation  Hex/Ice        62%        N/A       3%          2
 Conjure Flame            Conj/Fire      33%        6-21      4%          3
 Scorch                   Fire           46%        2d7       6%          2
 Passwall                 Tmut/Erth      18%        N/A       7%          2
 Sandblast                Erth           22%        2d7       12%         1
 Ignite Poison            Fire/Tmut/Pois 22%        N/A       13%         3
 Mephitic Cloud           Conj/Pois/Air  22%        N/A       13%         3
 Spider Form              Tmut/Pois      22%        N/A       14%         3
 Poisonous Vapours        Pois/Air       22%        N/A       19%         2
 Sticky Flame             Conj/Fire      33%        2d5       16%         4
 Anguish                  Hex/Necr       15%        N/A       21%         4
 Irradiate                Conj/Tmut      19%        3d18      30%         5
 Blade Hands              Tmut           16%        N/A       43%         5
 Metabolic Englaciation   Hex/Ice        15%        N/A       50%         5
 Silence                  Hex/Air        15%        N/A       50%         5
 Corpse Rot               Necr/Pois/Air  11%        N/A       75%         4
 Summon Cactus Giant      Summ           20%        N/A       77%         6
 Eringya's Noxious Bog    Tmut/Pois      11%        N/A       100%        6


Dungeon Overview and Level Annotations

Branches:
Dungeon (12/15)            Temple (1/1) D:5            Lair (1/5) D:8
    Orc: D:9-12

Altars:
Ashenzari
Cheibriados
Dithmenos
Elyvilon
Fedhas
Gozag
Hepliaklqana
Kikubaaqudgha
Makhleb
Nemelex Xobeh
Okawaru
Qazlal
Ru
Sif Muna
Trog
Uskayaw
Vehumet
Wu Jian
Xom
Yredelemnul
Zin
The Shining One

Shops:
D:1 (   D:4 *   D:6 **

Annotations:
D:8 3 runed translucent doors, vampirul's ghost, novice GnCj


Innate Abilities, Weirdness & Mutations

You are very small and have problems with some larger weapons.
You are too small for most types of armour.
You have supernaturally acute eyesight. (SInv)
You cover ground extremely quickly. (Speed+++)


Message History

You start resting.
HP restored.
You start waiting.
You start waiting.
Done waiting.
You start waiting.
Done waiting.
You start waiting.
Done waiting.
Okay, then.
Okay, then.
Unknown command.
Memorise Sandblast, consuming 1 spell level and leaving 5?
Okay, then.
This spell is dangerous to cast!
Memorise Stone Arrow, consuming 3 spell levels and leaving 3?
You start memorising the spell.
You continue memorising. x3
You finish memorising.
Spell assigned to 'h'.
There is a stone staircase leading down here.
You climb downwards.
The boulder beetle bites you but does no damage.
The boulder beetle barely misses you.
There is a stone staircase leading up here.
The boulder beetle leaps!
The boulder beetle curls into a ball and begins rolling!
Casting: Iskenderun's Mystic Blast (quite dangerous; 26% risk of failure)
Confirm with . or Enter, or press ? or * to list all spells.
Aiming: Stone Arrow (dangerous; 9% risk of failure)
Press: ? - help, Shift-Dir - straight line, f - boulder beetle
Aim: a boulder beetle (rolling, 100% to hit)
The stone arrow hits the boulder beetle but does no damage.
The boulder beetle attacks as you move away!
The boulder beetle hits you!!!
Ouch! That really hurt!
* * * LOW HITPOINT WARNING * * *
The boulder beetle stops rolling and uncurls.
The boulder beetle curls into a ball and begins rolling!
The boulder beetle hits you!!
Ouch! That really hurt!
You die...

...........# #...........
...........# #...........
...........# #...........
...........###########...........
.................................
...###########...................
##.# #................... #.#
#.....°°°........... ##.#
#..@B○..............
...###########.......>...........
...............<.................
.................................
.#########.......................
.# #.......................
.#########.......................
.................................
..[..............................


You could see a boulder beetle (rolling).

Vanquished Creatures
  A two-headed ogre (D:10)
  3 skeletal warriors (D:10)
  Pikel (D:7)
  2 centaur zombies (D:10)
  A gargoyle (D:10)
  2 shadows (D:11)
  A wraith (D:7)
  2 wyverns
  7 yaks (D:10)
  A fire bat (Lair:1)
  2 steam dragons (D:9)
  A vampire mosquito (D:8)
  An acid dragon (D:8)
  2 ice beasts
  2 black bears
  8 orc warriors
  A sky beast (D:5)
  2 ogres
  5 centaurs
  6 phantoms
  2 lemures (D:7)
  Blork the orc (D:5)
  A kobold brigand (D:8)
  8 bullfrogs
  A necrophage (D:5)
  A gnoll sergeant (D:3)
  3 scorpions
  12 wights
  9 killer bees
  4 howler monkeys
  4 hounds
  3 jellies
  7 orc priests
  Jessica (D:2)
  13 orc wizards
  3 iguanas (D:5)
  22 gnolls (D:3)
  5 adders
  2 shadow imps (D:5)
  2 white imps
  3 dart slugs
  A worm (D:2)
  63 orcs
  11 endoplasms
  4 giant cockroaches
  12 goblins
  5 hobgoblins
  9 jackals (D:3)
  8 kobolds
  5 quokkas
  3 ball pythons
  3 bats
  A frilled lizard (D:1)
  3 rats (D:2)
286 creatures vanquished.

Vanquished Creatures (others)
  156 fulminant prisms
  21 fungi
  21 plants
198 creatures vanquished.

Grand Total: 484 creatures vanquished

Notes
Turn   | Place    | Note
-------+----------+-------------------------------------------
     0 | D:1      | FaviusArthum the Spriggan Conjurer began the quest for the
                  | Orb.
     0 | D:1      | Reached XP level 1. HP: 9/9 MP: 5/5
   308 | D:1      | Reached XP level 2. HP: 13/13 MP: 3/6
   311 | D:1      | Learned a level 2 spell: Searing Ray
   534 | D:1      | Found Qiyj Lij's Weapon Shop.
   806 | D:2      | Noticed Jessica
   811 | D:2      | Killed Jessica
   812 | D:2      | Reached skill level 3 in Spellcasting
   812 | D:2      | Reached XP level 3. HP: 16/16 MP: 0/8
  1218 | D:2      | Learned a level 2 spell: Call Imp
  2078 | D:2      | Reached XP level 4. HP: 21/21 MP: 1/10
  2180 | D:2      | Learned a level 4 spell: Fulminant Prism
  2736 | D:3      | Found a faded altar of an unknown god.
  3942 | D:3      | Reached XP level 5. HP: 18/24 MP: 1/11
  4555 | D:3      | Reached skill level 1 in Summonings
  4823 | D:3      | Reached skill level 1 in Hexes
  5752 | D:3      | Reached XP level 6. HP: 21/29 MP: 1/12
  6124 | D:3      | Reached skill level 4 in Spellcasting
  6832 | D:3      | Reached XP level 7. HP: 29/32 MP: 12/15
  7942 | D:3      | You fall into a shaft and drop 2 floors!
  7942 | D:5      | Entered Level 5 of the Dungeon
  8000 | D:5      | Found a staircase to the Ecumenical Temple.
  8007 | D:5      | Reached skill level 1 in Maces & Flails
  8023 | Temple   | Entered the Ecumenical Temple
  8594 | D:5      | Noticed Blork the orc
  8610 | D:5      | Killed Blork the orc
  8611 | D:5      | Reached skill level 5 in Spellcasting
  9077 | D:5      | Found a shimmering altar of Xom.
  9658 | D:5      | Reached skill level 1 in Fighting
  9701 | D:5      | Reached XP level 8. HP: 33/37 MP: 4/17
  9773 | D:5      | Reached skill level 5 in Conjurations
 10544 | D:5      | Reached skill level 6 in Spellcasting
 10811 | D:5      | Found a burning altar of Makhleb.
 11550 | D:4      | Found a hazy altar of Hepliaklqana.
 12260 | D:4      | Found an opulent altar of Gozag.
 12266 | D:4      | Found Gozag's Platinum Reserve.
 12473 | D:4      | Found a shimmering blue altar of Sif Muna.
 12479 | D:4      | Became a worshipper of Sif Muna the Loreminder
 12941 | D:4      | Reached skill level 5 in Hexes
 13348 | D:4      | Noticed a +0 hand axe
 13349 | D:4      | Noticed a +0 dagger
 13352 | D:4      | Found a hide-covered altar of Uskayaw.
 14607 | D:6      | Found a white marble altar of Elyvilon.
 14613 | D:6      | Found Tuuloul's General Store.
 14621 | D:6      | Reached XP level 9. HP: 23/41 MP: 17/20
 15347 | D:6      | Found a radiant altar of Vehumet.
 15681 | D:6      | Found Uliludd's Assorted Antiques.
 15689 | D:6      | Bought a scroll of identify for 42 gold pieces
 15705 | D:6      | Reached skill level 7 in Spellcasting
 16020 | D:6      | Bought a scroll of teleportation for 63 gold pieces
 16558 | D:6      | Found a snail-covered altar of Cheibriados.
 16831 | D:6      | Identified the +4 mace of the Doomed Warrior {flame, rF+}
 17111 | D:7      | Reached * piety under Sif Muna
 17112 | D:7      | Reached skill level 8 in Spellcasting
 17194 | D:7      | Reached skill level 5 in Dodging
 17660 | D:7      | Reached skill level 5 in Stealth
 17677 | D:7      | Found a broken altar of Ashenzari.
 17808 | D:7      | Found a shadowy altar of Dithmenos.
 17808 | D:7      | Found a bloodstained altar of Trog.
 17812 | D:7      | Found a glowing golden altar of the Shining One.
 17990 | D:7      | Learned a level 4 spell: Flame Wave
 18074 | D:7      | Reached skill level 5 in Summonings
 18364 | D:7      | Noticed Pikel
 18533 | D:7      | Killed Pikel
 18534 | D:7      | Reached XP level 10. HP: 46/46 MP: 8/23
 19586 | D:8      | Noticed a wizard
 19592 | D:8      | Noticed vampirul's ghost (novice GnCj)
 19600 | D:8      | Reached skill level 9 in Spellcasting
 20092 | D:8      | Found a staircase to the Lair.
 20851 | D:8      | Found a runed translucent gate.
 20852 | D:8      | Found a runed translucent gate.
 20853 | D:8      | Found a runed translucent gate.
 21875 | D:8      | Found an ornate altar of the Wu Jian Council.
 22622 | Lair:1   | Entered Level 1 of the Lair of Beasts
 22692 | Lair:1   | Noticed an eight-headed hydra
 23065 | D:9      | Found a sparkling altar of Nemelex Xobeh.
 23539 | D:9      | Reached ** piety under Sif Muna
 23768 | D:9      | Learned a level 7 spell: Dragon Form
 23774 | D:9      | Found a flagged portal.
 23843 | D:9      | Reached skill level 1 in Fire Magic
 24662 | D:9      | Reached skill level 1 in Transmutations
 24905 | D:9      | Found the +7 staff of the Meek {protect, meekguard}
 26004 | D:10     | Entered Level 10 of the Dungeon
 26403 | D:10     | Got the Atlas of the Black Widow and Spellbinding
 26655 | D:10     | Noticed a gargoyle
 26662 | D:10     | Killed a gargoyle
 26663 | D:10     | Reached skill level 1 in Armour
 26663 | D:10     | Reached XP level 11. HP: 51/51 MP: 20/25
 27330 | D:10     | Noticed a two-headed ogre
 27421 | D:10     | Killed a two-headed ogre
 27932 | D:1      | Bought a +5 great sword of holy wrath for 541 gold pieces
 28291 | D:10     | Reached skill level 10 in Spellcasting
 28723 | D:11     | Noticed a skeletal warrior
 28723 | D:11     | Noticed a skeletal warrior
 28733 | D:11     | Noticed a skeletal warrior
 29051 | D:10     | Killed a skeletal warrior
 29051 | D:10     | Reached *** piety under Sif Muna
 29425 | D:10     | Found a basalt altar of Yredelemnul.
 29601 | D:10     | Killed a skeletal warrior
 30579 | D:10     | Killed a skeletal warrior
 31300 | D:11     | Noticed a boulder beetle
 31401 | D:12     | Noticed a two-headed ogre
 31621 | D:12     | Learned a level 4 spell: Iskenderun's Mystic Blast
 31990 | D:11     | Found a glowing silver altar of Zin.
 31991 | D:11     | Noticed an angel
 32682 | D:10     | Learned a level 3 spell: Stone Arrow
 32700 | D:11     | HP: 2/51 [boulder beetle (49)]
 32707 | D:11     | Annihilated by a boulder beetle

Illustrated notes

Levels and vault maps discovered:
D:1:      lightli_arrival_statue_moat, layout_basic, serial_shops, shop_statue,
          item_on_display_b
D:2:      layout_rooms, minmay_misc_feat_pillars, kennysheep_cross_room,
          uniq_jessica
D:3:      lemuel_castle_with_subvaults [lemuel_castle_interior_original],
          layout_basic, shapermc_ecumenical_altar_ellora
D:4:      layout_basic, nicolae_gozag_zags_fifth_avenue,
          nicolae_sif_muna_little_library, dancing_weapons_uskayaw,
          nicolae_overflow_hidden_temple, hangedman_minor_gate_pass
D:5:      layout_basic, xom_teletrap_fun, marbit_many_paths,
          minmay_temple_entry_fiery, serial_co_window_serial,
          co_window_of_opportunity_a, co_window_paths_a,
          co_window_of_opportunity_a, co_window_paths_a, co_window_corner_a,
          co_window_cross_1, co_window_paths_a, co_window_of_opportunity_b,
          co_window_of_opportunity_c, co_window_corner_b, co_window_broadway_c,
          co_window_broadway_a, co_window_broadway_a, glass_columns_c,
          glass_columns_c, fountainhead, feat_on_display, uniq_blork_the_orc
D:6:      nicolae_cairo_tiling_large, layout_cave_pools, kennysheep_slug_shrine,
          lemuel_round_altar, nicolae_vehumet_altar_sigil, serial_shops,
          shop_statue, kennysheep_doodads, kennysheep_decorative_pillar,
          nicolae_concentric_dashed_squares_mild, columned_hall_lemuel,
          nicolae_stop_n_shop_1, bh_walls_and_bars
D:7:      layout_loops_ring, minitemple, uniq_pikel
D:8:      layout_loops_ring, nzn_wu_jian_council_hall,
          grunt_lair_entry_orc_guard_hut, gammafunk_ghost_split,
          minmay_chambers_of_fives
D:9:      layout_roguey, mainiacjoe_overflow_paths, enter_bailey_3,
          pf_guarded_unrand_meek
D:10:     layout_loops_ring, lemuel_zombie_altar_yredelemnul
D:11:     layout_long_grid, zin_angel
D:12:     layout_basic, orc_0_dummy, minmay_misc_feat_iff
Temple:   hellmonk_temple_flake
Lair:1:   layout_gridlike, infiniplex_staircase_pool, grunt_megastairs_2

Skill      XL: |  1  2  3  4  5  6  7  8  9 10 11 |
---------------+----------------------------------+-----
Conjurations   | 3 4 5 6 7 |  7.0
Dodging        | 3 4 5 |  5.5
Spellcasting   | 3 4 5 6 8 9 10 | 10.3
Summonings     | 1 2 3 4 5 6 |  6.4
Hexes          | 2 3 5 6 8 |  8.6
Maces & Flails | 1 2 3 |  3.3
Fighting       | 1 2 |  2.4
Stealth        | 4 5 |  5.0
Fire Magic     | 1 2 |  2.5
Transmutations | 3 4 |  4.6
Armour         | 1 |  1.5
Staves         | |  0.7
Ranged Weapons | |  0.1

Action                   |  1- 3 |  4- 6 |  7- 9 | 10-12 || total
-------------------------+-------+-------+-------+-------++-------
Melee: Dagger            |    14 |     5 |       |       ||    19
       Flail             |       |    46 |   113 |    65 ||   224
       Punch             |       |       |     2 |     1 ||     3
       Quarterstaff      |       |       |       |    18 ||    18
 Fire: Shortbow          |       |       |       |     7 ||     7
Throw: Dart              |       |     2 |       |       ||     2
 Cast: Magic Dart        |    59 |   103 |   153 |    87 ||   402
       Searing Ray       |     8 |    39 |    85 |    64 ||   196
       Call Imp          |       |     4 |     1 |     2 ||     7
       Fulminant Prism   |       |     3 |    51 |   102 ||   156
       Flame Wave        |       |       |       |    12 ||    12
       Iskenderun's Myst |       |       |       |     3 ||     3
       Stone Arrow       |       |       |       |     1 ||     1
  Use: Potion            |     1 |     1 |     6 |    10 ||    18
       Scroll            |     1 |     3 |     5 |    17 ||    26
 Stab: Sleeping          |       |       |     1 |       ||     1
Armor: Robe              |     3 |    10 |    22 |     8 ||    43
       Acid dragon scale |       |       |       |    37 ||    37
Dodge: Dodged            |    13 |    59 |   124 |   144 ||   340
